 Dungeon Crawl Stone Soup version 0.24-a0-479-g9a978d2894 (webtiles) character file.

Game seed: 18039766753887544490

79 pk666 the Magician (level 4, -1/24 HPs)
             Began as a Deep Elf Wizard on July 8, 2019.
             Slain by an orc
             ... wielding a +0 war axe
              (9 damage)
             ... on level 3 of the Dungeon.
             The game lasted 00:04:03 (3045 turns).

pk666 the Magician (Deep Elf Wizard)                Turns: 3045, Time: 00:04:03

Health: -1/24      AC:  2    Str:  4    XL:     4   Next: 17%
Magic:  6/13       EV: 13    Int: 24    God:
Gold:   133        SH:  0    Dex: 13    Spells: 4/13 levels left

rFire    . . .     SeeInvis .   e - +2 dagger (speed)
rCold    . . .     Gourm    .   (no shield)
rNeg     . . .     Faith    .   a - +0 robe
rPois    .         Spirit   .   b - +0 hat
rElec    .         Reflect  .   (no cloak)
rCorr    .         Harm     .   (no gloves)
MR       .....                  (no boots)
Stlth    ++........             (no amulet)
HPRegen  0.08/turn              (no ring)
MPRegen  0.13/turn              c - ring of wizardry

@: no status effects
A: no striking features
a: no special abilities


You were on level 3 of the Dungeon.
You were not hungry.

You visited 1 branch of the dungeon, and saw 3 of its levels.

You collected 133 gold pieces.

Inventory:

Hand Weapons
 e - a +2 dagger of speed (weapon)
Armour
 a - a +0 robe (worn)
 b - a +0 hat (worn)
Jewellery
 c - a ring of wizardry (right hand)
Wands
 r - a wand of random effects (22)
Scrolls
 g - 4 scrolls of identify
 h - 2 scrolls of magic mapping {unknown}
 j - a scroll of noise
 k - a scroll of remove curse
 o - a scroll of fear {unknown}
 q - a scroll of amnesia {unknown}
Potions
 f - 2 potions of haste {unknown}
 i - 2 potions of lignification {unknown}
 l - a potion of curing {unknown}
 m - a potion of cancellation {unknown}
 n - a potion of magic {unknown}
 p - a potion of berserk rage {unknown}
 s - 2 potions of mutation {unknown}
Comestibles
 d - 4 rations
 t - 3 chunks of flesh


   Skills:
 - Level 3.1 Dodging
 - Level 2.4 Stealth
 + Level 5.1 Spellcasting
 + Level 2.5 Conjurations
   Level 1.1 Summonings
 + Level 1.6 Translocations
 + Level 0.8 Fire Magic
 + Level 0.5 Air Magic
 + Level 0.6 Poison Magic


You had 4 spell levels left.
You knew the following spells:

 Your Spells              Type           Power        Failure   Level  Hunger
a - Magic Dart            Conj           ###.         1%          1    None
b - Blink                 Tloc           N/A          2%          2    None
c - Conjure Flame         Conj/Fire      ##......     5%          3    ##.....
d - Mephitic Cloud        Conj/Pois/Air  ##......     6%          3    ##.....

Your spell library contained the following spells:

 Spells                   Type           Power        Failure   Level  Hunger
 Call Imp                 Summ           ##......     3%          2    None
 Slow                     Hex            #.......     5%          2    None


Dungeon Overview and Level Annotations

Branches:
Dungeon (3/15)

Altars:


Message History

The orc hits you with a +0 war axe! Something hits you but does no damage.
Casting: Magic Dart (safe; 1% risk of failure)
Confirm with . or Enter, or press ? or * to list all spells.
Aiming: Magic Dart (safe; 1% risk of failure)
Press: ? - help, Shift-Dir - straight line, f/p - orc
Aim: an orc, wielding a +0 war axe and wearing a +0 ring mail (lightly wounded)
The magic dart hits the orc.
The orc is heavily wounded.
Something hits you but does no damage. The orc barely misses you.
Casting: Magic Dart (safe; 1% risk of failure)
Confirm with . or Enter, or press ? or * to list all spells.
Aiming: Magic Dart (safe; 1% risk of failure)
Press: ? - help, Shift-Dir - straight line, f/p - orc
Aim: an orc, wielding a +0 war axe and wearing a +0 ring mail (heavily wounded)
The magic dart hits the orc.
The orc is severely wounded.
You hear some strange, mumbled words.
A magic dart appears from out of thin air!
The magic dart hits you! The orc hits you with a +0 war axe!
You die...

#######...
#....#.... ###
#....#..#. # #.#
#......... #.##.#
#....#.... #....#
#....#....
#####.####.†..#...>
#.>...........##.##
##@.g.......####...
#o###...........##
#.........#####.#
#)#######.# #.# #.#
... #.# ....# .#
.....# ...####


You could see an orc and a hobgoblin.

Vanquished Creatures
  A gnoll (D:1)
  2 adders (D:3)
  A worm (D:2)
  2 leopard geckos (D:2)
  An orc (D:3)
  9 bats
  4 giant cockroaches
  3 goblins
  8 hobgoblins
  2 jackals (D:3)
  A kobold (D:1)
  2 quokkas (D:3)
  2 frilled lizards (D:2)
  5 rats
43 creatures vanquished.

Notes
Turn   | Place    | Note
-------+----------+-------------------------------------------
     0 | D:1      | pk666 the Deep Elf Wizard began the quest for the Orb.
     0 | D:1      | Reached XP level 1. HP: 10/10 MP: 7/7
   549 | D:1      | Reached XP level 2. HP: 15/15 MP: 3/9
  1332 | D:2      | Reached XP level 3. HP: 19/19 MP: 3/11
  1336 | D:2      | Learned a level 2 spell: Blink
  1340 | D:2      | Learned a level 3 spell: Conjure Flame
  1344 | D:2      | Learned a level 3 spell: Mephitic Cloud
  1345 | D:2      | Reached skill level 5 in Spellcasting
  2796 | D:3      | Reached XP level 4. HP: 24/24 MP: 8/13
  3045 | D:3      | Slain by an orc

Levels and vault maps discovered:
D:1:      dpeg_arrival_snail, layout_loops_ring
D:2:      minmay_inner_zag, layout_basic
D:3:      layout_basic

Skill      XL: |  1  2  3 |
---------------+----------+-----
Dodging        | 3 |  3.1
Conjurations   | 2 |  2.5
Spellcasting   | 5 |  5.1
Stealth        | |  2.4
Summonings     | |  1.1
Translocations | |  1.6
Fire Magic     | |  0.8
Air Magic      | |  0.5
Poison Magic   | |  0.6

Action                   |  1- 3 |  4- 6 || total
-------------------------+-------+-------++-------
Melee: Dagger            |     3 |     7 ||    10
 Cast: Magic Dart        |   107 |    22 ||   129
       Conjure Flame     |     3 |       ||     3
       Mephitic Cloud    |     1 |     1 ||     2
  Use: Scroll            |     4 |       ||     4
  Eat: Chunk             |     5 |     1 ||     6
Armor: Robe              |     6 |     1 ||     7
Dodge: Dodged            |    23 |     3 ||    26

Table legend:
 A = Non-vault XP
 B = Vault XP
 C = Vault XP percentage of total XP
 D = Non-vault monster count
 E = Vault monster count
 F = Vault count percentage of total count
                 A         B        C        D         E       F
            +---------+---------+-------+---------+---------+-------
      Total |     104 |      10 |   8.8 |      38 |       5 |  11.6
            +---------+---------+-------+---------+---------+-------
        D:1 |      36 |       0 |   0.0 |      12 |       0 |   0.0
        D:2 |      22 |      10 |  31.2 |      13 |       5 |  27.8
        D:3 |      46 |       0 |   0.0 |      13 |       0 |   0.0
            +---------+---------+-------+---------+---------+-------
